 Dungeon Crawl Stone Soup version 0.19.0 (webtiles) character file.

170 ItsOgre the Cudgeler (level 5, -7/57 HPs)
             Began as an Ogre Fighter on Nov 12, 2016.
             Killed from afar by an orc wizard (8 damage)
             ... with a magic dart
             ... on level 3 of the Dungeon.
             The game lasted 00:02:09 (1400 turns).

ItsOgre the Cudgeler (Ogre Fighter)                 Turns: 1400, Time: 00:02:10

Health: -7/57      AC:  3    Str: 21    XL:     5   Next: 51%
Magic:  5/5        EV:  8    Int:  7    God:
Gold:   60         SH:  8    Dex: 10    Spells: 0 memorised, 4 levels left

rFire  . . .     SeeInvis .     a - +0 flail
rCold  . . .     Gourm    .     b - +0 robe
rNeg   . . .     Faith    .     c - +0 shield
rPois  .         Spirit   .     (helmet restricted)
rElec  .         Reflect  .     (no cloak)
rCorr  .         Harm     .     (gloves unavailable)
MR     .....                    (boots unavailable)
Stlth  +.........               (no amulet)
                                (no ring)
                                (no ring)

@: very slightly contaminated, hasted, very quick
A: unfitting armour, tough skin 1
a: no special abilities


You were on level 3 of the Dungeon.
You were not hungry.

You visited 1 branch of the dungeon, and saw 3 of its levels.

You collected 60 gold pieces.

Inventory:

Hand Weapons
 a - a +0 flail (weapon)
Armour
 b - a +0 robe (worn)
 c - a +0 shield (worn)
Jewellery
 s - an uncursed ring of wizardry {unknown}
Wands
 t - a wand of acid (10/15)
Scrolls
 g - a scroll of enchant weapon {unknown}
 h - a scroll of enchant armour {unknown}
 i - 6 scrolls of identify {unknown}
 k - 2 scrolls of fog {unknown}
 o - a scroll of amnesia {unknown}
 p - a scroll of teleportation {unknown}
Potions
 d - a potion of might
 n - a potion of cure mutation {unknown}
 q - a potion of berserk rage {unknown}
 u - a potion of lignification {unknown}
 v - a potion of heal wounds {unknown}
Comestibles
 f - a bread ration
 j - a meat ration
 l - 3 beef jerkies


   Skills:
 + Level 5.2 Fighting
 * Level 5.8 Maces & Flails
 + Level 3.3 Dodging
 - Level 2.6 Shields


You had 4 spell levels left.
You didn't know any spells.

Dungeon Overview and Level Annotations

Branches:
Dungeon (3/15)

Altars:
The Shining One


Innate Abilities, Weirdness & Mutations

You are too large for most types of armour.
You have tough skin. (AC +1)


Message History

Reactivating autopickup.
You feel a bit more experienced.
The orc wizard gestures at you while chanting.
The magic dart hits you!
* * * LOW HITPOINT WARNING * * *
Things that are here:
a dagger; a robe; an orc corpse Unknown command.
The orc wizard gestures at you while chanting.
The magic dart hits you!
* * * LOW HITPOINT WARNING * * *
Unknown command.
It was a potion of haste.
You feel yourself speed up.
The orc wizard mumbles some strange words.
The orc wizard seems to speed up.
You are very lightly contaminated with residual magic.
It was a potion of magic.
Magic courses through your body. The orc wizard casts a spell at you.
The magic dart hits you!
You die...

#.##[# #..# #.##.# #.[#
## #.##.# #.>. .# #.##.#
#.### .# # #.##.# #.#
#.###.# #.##.# .....
#.##.# ...
###.##.##########.#.#...
#....#........@)o......#
#...........#)###.#.##.#
###....########.# .#
.......# #.# .#
....(..##### #.. ..
...........# ### .. .
.......###.# ....
.......# #.# ...#
.......# #.# ...


You could see an orc wizard.

Vanquished Creatures
  An orc wizard (D:3)
  4 adders
  An ooze (D:1)
  2 worms
  5 dart slugs
  A leopard gecko (D:1)
  11 orcs (D:3)
  6 bats
  6 giant cockroaches
  13 goblins
  5 hobgoblins
  5 jackals
  7 kobolds
  A frilled lizard (D:2)
  7 rats
75 creatures vanquished.

Notes
Turn   | Place    | Note
-------+----------+-------------------------------------------
     0 | D:1      | ItsOgre the Ogre Fighter began the quest for the Orb.
     0 | D:1      | Reached XP level 1. HP: 24/24 MP: 1/1
    91 | D:1      | Reached XP level 2. HP: 31/32 MP: 2/2
   189 | D:1      | Reached XP level 3. HP: 27/39 MP: 3/3
   538 | D:2      | Reached XP level 4. HP: 46/49 MP: 4/4
   745 | D:2      | Found a glowing golden altar of the Shining One.
  1018 | D:3      | Reached skill level 5 in Maces & Flails
  1069 | D:3      | Reached skill level 5 in Fighting
  1069 | D:3      | Reached XP level 5. HP: 32/57 MP: 5/5
  1398 | D:3      | HP: 1/57 [orc wizard/magic dart (10)]
  1400 | D:3      | Killed from afar by an orc wizard

Skill      XL: |  1  2  3  4 |
---------------+-------------+-----
Maces & Flails | 3 4 5 |  5.8
Dodging        | 3 |  3.3
Fighting       | 5 |  5.2
Shields        | |  2.6

Action                   |  1- 3 |  4- 6 || total
-------------------------+-------+-------++-------
Melee: Flail             |    90 |   138 ||   228
  Use: Potion            |       |     2 ||     2
  Eat: Chunk             |       |     2 ||     2
Armor: Robe              |    28 |    42 ||    70
Dodge: Dodged            |    28 |    61 ||    89
Block: Shield            |    38 |    75 ||   113
